 Dungeon Crawl Stone Soup version 0.30-a0-760-g5a9884bb7c (webtiles) character file.

Game seed: 16528632420379051644

509 dialectric the Ruffian (level 6, -2/54 (62) HPs)
             Began as a Troll Berserker on Feb 4, 2023.
             Was a Priest of Trog.
             Slain by a wight
             ... wielding a +3 great sword
              (4 damage)
             ... on level 4 of the Dungeon on Feb 11, 2023.
             The game lasted 00:07:43 (2430 turns).

dialectric the Ruffian (Troll Berserker)            Turns: 2430, Time: 00:07:44

HP:   -2/54 (62)    AC:  5    Str: 26    XL:     6   Next: 98%
MP:   5/5           EV: 10    Int:  3    God:    Trog [***...]
Gold: 138           SH:  0    Dex: 11    Spells: 5/5 levels left

rFire   . . .      SeeInvis .    m - +4 quarterstaff (chaos)
rCold   . . .      Faith    .    (shield currently unavailable)
rNeg    . . .      Spirit   .    a - +0 animal skin
rPois   .          Reflect  .    (helmet restricted)
rElec   .          Harm     .    n - +0 cloak
rCorr   .          Rampage  .    (gloves unavailable)
Will    .....                    (boots unavailable)
Stlth   +                        (no amulet)
HPRegen 1.09/turn                (no ring)
MPRegen 0.09/turn                (no ring)

@: heavily drained
A: large, unfitting armour, claws 3, regeneration 1, shaggy fur 1, tough skin 1
a: Renounce Religion, Berserk, Trog's Hand


You were on level 4 of the Dungeon.
You worshipped Trog.
Trog was most pleased with you.
You visited 1 branch of the dungeon, and saw 5 of its levels.

You collected 138 gold pieces.

Inventory:

Hand Weapons
 m - a +4 quarterstaff of chaos (weapon)
Missiles
 l - 5 javelins (quivered)
Armour
 a - a +0 animal skin (worn)
 n - a +0 cloak (worn)
Jewellery
 x - a ring of magical power
Wands
 v - a wand of acid (6)
 w - a wand of flame (10)
Scrolls
 c - a scroll of fog {unknown}
 d - a scroll of poison {unknown}
 f - 2 scrolls of identify {unknown}
 g - a scroll of magic mapping {unknown}
 i - 2 scrolls of teleportation
 k - a scroll of brand weapon {unknown}
 p - a scroll of acquirement {unknown}
 q - a scroll of amnesia {unknown}
 r - 3 scrolls of vulnerability {unknown}
 s - a scroll of enchant armour {unknown}
 t - a scroll of fear {unknown}
Potions
 b - a potion of heal wounds {unknown}
 e - a potion of invisibility {unknown}
 h - a potion of flight {unknown}
 j - a potion of cancellation {unknown}
 o - 4 potions of curing
 u - a potion of mutation {unknown}
 z - a potion of brilliance {unknown}


   Skills:
 * Level 3.9 Fighting
 * Level 1.9 Staves
 + Level 3.6 Dodging
 * Level 1.0 Stealth
 + Level 5.1 Unarmed Combat


You had 5 spell levels left.
You didn't know any spells.
Your spell library was empty.

Dungeon Overview and Level Annotations

Branches:
Dungeon (5/15)
 Temple: D:4-7

Altars:
Dithmenos
Elyvilon
Okawaru
Trog


Innate Abilities, Weirdness & Mutations

You are too large for most types of armour.
You have claws for hands.
Your natural rate of healing is unusually fast.
You are covered in fur. (AC +1)
You have tough skin. (AC +1)


Message History

You closely miss the wight.
The wight hits you with a +3 great sword.
You completely miss the wight.
The wight hits you with a +3 great sword.
You feel drained.
You hit the wight.
The wight is moderately damaged.
The wight blinks!
The wight hits you with a +3 great sword!
There is a stone staircase leading up here.
The wight hits you with a +3 great sword!
* * * LOW HITPOINT WARNING * * *
You climb upwards.
There is a stone staircase leading down here.
Unknown command.
You hit the wight but do no damage.
The wight is moderately damaged.
The wight hits you with a +3 great sword!
* * * LOW HITPOINT WARNING * * *
You feel drained.
* * * LOW HITPOINT WARNING * * *
You hit the wight.
The wight is heavily damaged.
The wight hits you with a +3 great sword.
* * * LOW HITPOINT WARNING * * *
You feel drained.
You barely miss the wight.
The wight is heavily damaged.
The wight hits you but does no damage.
Unknown command.
It was a potion of curing.
You feel better.
The wight hits you with a +3 great sword!
* * * LOW HITPOINT WARNING * * *
You feel drained.
* * * LOW HITPOINT WARNING * * *
Okay, then.
The wight attacks as you move away! The wight misses you.
The wight attacks as you move away!
The wight hits you with a +3 great sword.
You die...

..# #.##......._.......# #.#
#.# ######..................#
#.# #..
...........#§.§......##.# #.#
###
######.######§§..§.§###.###.#
#.....###§...§###......#
#.##### ##...########### #.#
#...##.# #.# #.z.##.# #.#
######@###.# ##
#.####.......##.# .###
#............##.#
...###.####..###..##.###
.#.#.........#_'..##...#
.....#.####..###..####.#
.#.###.# #......#####.######
...###.# #......#..........#
....##.# #.###.............#


You could see a wight.

Vanquished Creatures
  A black bear (D:5)
  A bullfrog (D:4)
  2 howler monkeys
  Crazy Yiuf (D:2)
  Jessica (D:2)
  Ijyb (D:4)
  Natasha (thrice) (D:2)
  An iguana (D:4)
  3 adders
  2 dart slugs (D:1)
  3 orcs (D:4)
  5 ball pythons
  5 endoplasms
  8 giant cockroaches
  5 goblins
  5 hobgoblins
  10 kobolds
  4 quokkas
  2 bats
  A frilled lizard (D:1)
  9 rats
73 creatures vanquished.

Notes
Turn   | Place    | Note
-------+----------+-------------------------------------------
     0 | D:1      | dialectric the Troll Berserker began the quest for the Orb.
     0 | D:1      | Reached XP level 1. HP: 22/22 MP: 0/0
   200 | D:1      | Reached XP level 2. HP: 29/29 MP: 1/1
   424 | D:2      | Noticed Natasha
   430 | D:2      | Killed Natasha
   431 | D:2      | Reached XP level 3. HP: 29/37 MP: 2/2
   475 | D:2      | Reached ** piety under Trog
   538 | D:2      | Reached skill level 4 in Unarmed Combat
   538 | D:2      | Reached XP level 4. HP: 44/45 MP: 3/3
   600 | D:2      | Noticed Natasha
   610 | D:2      | Killed Natasha
   631 | D:2      | Noticed Natasha
   642 | D:2      | Killed Natasha
   643 | D:2      | Reached XP level 5. HP: 23/53 MP: 4/4
  1065 | D:2      | Upgraded the game from 0.30-a0-739-gea05faddec to
                  | 0.30-a0-760-g5a9884bb7c
  1210 | D:2      | Noticed Jessica
  1215 | D:2      | Killed Jessica
  1243 | D:2      | Found a runed translucent door.
  1244 | D:2      | Noticed Crazy Yiuf
  1251 | D:2      | Killed Crazy Yiuf
  1315 | D:3      | Found a white marble altar of Elyvilon.
  1677 | D:4      | Reached *** piety under Trog
  1678 | D:4      | Reached XP level 6. HP: 61/62 MP: 5/5
  1778 | D:4      | Reached skill level 1 in Staves
  1778 | D:4      | Reached skill level 5 in Unarmed Combat
  1836 | D:4      | Found a shadowy altar of Dithmenos.
  1837 | D:4      | Noticed Ijyb
  1863 | D:4      | Killed Ijyb
  2041 | D:4      | Found a bloodstained altar of Trog.
  2079 | D:4      | Found an iron altar of Okawaru.
  2343 | D:5      | Entered Level 5 of the Dungeon
  2357 | D:5      | Reached skill level 1 in Stealth
  2425 | D:4      | HP: 2/57 [wight/+3 great sword (3)]
  2430 | D:4      | Slain by a wight

Illustrated notes

Levels and vault maps discovered:
D:1:      ncdulo_watergridlock, layout_basic
D:2:      layout_basic, uniq_crazy_yiuf_cottage, uniq_jessica, uniq_natasha
D:3:      layout_basic, mainiacjoe_overflow_boulevard
D:4:      layout_loops_ring, kennysheep_mini_moat,
          nicolae_dithmenos_the_darkroom, trog_three_pillars_becter,
          hangedman_abyss_or_decor_stabs, uniq_ijyb
D:5:      layout_loops_ring, grunt_gozag_statues, mainiacjoe_overflow_catwalk,
          xom_redecorated

Skill      XL: |  1  2  3  4  5  6 |
---------------+-------------------+-----
Fighting       | 3 |  3.9
Dodging        | 3 |  3.6
Unarmed Combat | 4 5 |  5.1
Staves         | 1 |  1.9
Stealth        | 1 |  1.0

Action                     |  1- 3 |  4- 6 || total
---------------------------+-------+-------++-------
  Melee: Unarmed           |    57 |    67 ||   124
         Punch             |     2 |       ||     2
         Quarterstaff      |       |    66 ||    66
 Invoke: Berserk           |       |     1 ||     1
    Use: Scroll            |       |     1 ||     1
         Potion            |       |     1 ||     1
   Stab: Sleeping          |     1 |     1 ||     2
 Armour: Animal skin       |    21 |    52 ||    73
  Dodge: Dodged            |    23 |    81 ||   104

Table legend: (Time is in decaauts)
 A = Elapsed time spent in this place.
 B = Non-inter-level travel time spent in this place.
 C = Inter-level travel time spent in this place.
 D = Time resting spent in this place.
 E = Time spent auto-exploring this place.
 F = Levels seen in this place.
 G = Mean time per level.
                   A        B        C        D        E       F      G
               +--------+--------+--------+--------+--------+-----+--------+
         Total |   2449 |   2352 |     97 |      0 |   1792 |   5 |  489.8 |
       Dungeon |   2449 |   2352 |     97 |      0 |   1792 |   5 |  489.8 |
               +--------+--------+--------+--------+--------+-----+--------+

Top non-repeatable levels by time:
     D:2: 886 daAuts
     D:4: 705 daAuts
     D:1: 405 daAuts
     D:3: 369 daAuts
     D:5: 82 daAuts
